AoeStats
← educornejo07

Northern Isles

510413402Analyzed
1v1 RM · 9h ago on Sep 30, 2026· 96m 42s· 2 players
Game mode
Random Map
Map size
Tiny (2 player)
Population
200
Speed
Normal
Resources
Standard
Victory
Conquest
Starting age
Dark Age
Ending age
Imperial Age
RankedLock teamsTeams togetherTeam positionsShared explorationLock speedFull tech treeHidden civsTurbo modeCheats
Victory
Defeat
🇲🇽 Portuguese · Mexico
627
+14
🇨🇴 Lithuanians · Colombia
584
-14
Finrod
10:03 Feudal Age
10:45 Fishing Lines
12:12 Loom
15:44 Gold Mining
16:39 Horse Collar
16:49 Double-Bit Axe
21:22 Castle Age
20:58 Padded Archer Armor
20:50 Fletching
22:13 Wheelbarrow
23:43 Medium Warships
24:53 Gillnets
26:17 Clinker Construction
26:20 Careening
26:59 Treadmill Crane
32:51 Heavy Plow
36:36 Imperial Age
36:08 Hand Cart
36:56 Ballistics
36:43 Murder Holes
37:57 Heavy Warships
38:21 Crop Rotation
39:18 Chemistry
39:11 Stone Mining
40:19 Elite Cannon Galleon
43:13 Heated Shot
43:47 Dry Dock
43:50 Carvel Hull
47:40 Husbandry
47:51 Bloodlines
47:03 Light Cavalry
50:57 Bow Saw
50:11 Winged Hussar
55:47 Cavalier
59:36 Paladin
63:38 Bodkin Arrow
63:50 Scale Barding Armor
63:57 Forging
63:48 Scale Mail Armor
64:53 Stone Shaft Mining
84:59 Squires
92:31 Block Printing
93:03 Sanctity
educornejo07
7:51 Loom
10:09 Feudal Age
10:35 Double-Bit Axe
11:43 Horse Collar
19:43 Castle Age
23:04 Medium Warships
24:06 Wheelbarrow
27:41 Light Cavalry
28:32 Bloodlines
28:22 Husbandry
32:28 Imperial Age
33:44 Ballistics
33:18 Fletching
33:28 Padded Archer Armor
33:35 Scale Barding Armor
33:58 Bodkin Arrow
34:03 Scale Mail Armor
35:11 Chemistry
34:18 Siege Engineers
34:42 Conscription
37:57 Bow Saw
37:50 Elite Cannon Galleon
39:07 Hand Cart
40:07 Murder Holes
39:53 Treadmill Crane
40:23 Masonry
43:00 Heavy Warships
42:49 Siphons
43:00 Clinker Construction
51:14 Arquebus
61:13 Elite Organ Gun
61:21 Cavalier
79:42 Thumb Ring
78:58 Crossbowman
82:02 Capped Ram
82:23 Sappers
84:20 Chain Mail Armor
84:28 Chain Barding Armor
84:09 Bracer
84:24 Leather Archer Armor
89:10 Arbalester
Connection lost

Rejoining the realm…

Still unreachable

The connection could not be restored.

Session expired

The server has moved on; the page needs a fresh start.